 Dungeon Crawl Stone Soup version 0.28-a0-1033-g1a2f33fa85 (webtiles) character file.

Game seed: 1521184216028810300

11467 kae the Severer (level 11, -1/108 HPs)
             Began as a Hill Orc Fighter on Dec 7, 2021.
             Was a Believer of Qazlal.
             Slain by a yak (7 damage)
             ... on level 10 of the Dungeon.
             The game lasted 00:08:56 (13922 turns).

kae the Severer (Hill Orc Fighter)                 Turns: 13922, Time: 00:08:57

Health: -1/108     AC: 11    Str: 30    XL:     11   Next: 78%
Magic:  18/18      EV: 10    Int:  8    God:    Qazlal [**....]
Gold:   927        SH: 12    Dex: 10    Spells: 10/10 levels left

rFire   . . .      SeeInvis .   a - +1 war axe (elec)
rCold   + . .      Faith    .   c - +0 buckler
rNeg    . . .      Spirit   .   b - +0 scale mail
rPois   .          Reflect  +   (no helmet)
rElec   .          Harm     .   (no cloak)
rCorr   .          Rampage  .   (no gloves)
Will    .....                   o - +1 pair of boots
Stlth   ..........              y - amulet of reflection
HPRegen 0.28/turn               l - ring of flight
MPRegen 0.16/turn               t - +6 ring of strength

@: flying
A: cold resistance 1, robust 1
a: Renounce Religion, Upheaval


You were on level 10 of the Dungeon.
You worshipped Qazlal.
Qazlal was pleased with you.
You visited 2 branches of the dungeon, and saw 11 of its levels.
You also visited: Ossuary.

You collected 927 gold pieces.

Inventory:

Hand Weapons
 a - a +1 war axe of electrocution (weapon)
 D - a +2 vorpal war axe
Armour
 b - a +0 scale mail (worn)
 c - a +0 buckler (worn)
 o - a +1 pair of boots (worn)
Jewellery
 h - a ring of positive energy
 l - a ring of flight (left hand)
 t - a +6 ring of strength (right hand)
 u - a ring of willpower
 y - an amulet of reflection (around neck)
 E - a ring of wizardry
 F - a ring of resist corrosion
Wands
 e - a wand of mindburst (8)
 m - a wand of charming (11)
 s - a wand of iceblast (1)
 G - a wand of digging (6)
Scrolls
 i - 3 scrolls of amnesia
 j - 2 scrolls of identify
 q - 2 scrolls of enchant weapon
 r - 3 scrolls of fog
 v - a scroll of silence
 x - 2 scrolls of teleportation
 A - a scroll of magic mapping
 B - a scroll of holy word
 C - a scroll of blinking
Potions
 d - 2 potions of attraction
 f - 2 potions of heal wounds
 g - a potion of resistance
 k - 6 potions of degeneration
 n - 3 potions of mutation
 p - 2 potions of might
 w - 3 potions of curing
 z - a potion of brilliance


   Skills:
 - Level 10.0 Fighting
 - Level 16.0 Axes
 + Level 9.5 Armour
 - Level 4.0 Shields
 - Level 10.0 Invocations


You had 10 spell levels left.
You didn't know any spells.
Your spell library contained the following spells:

 Spells                   Type           Power      Damage    Failure   Level
 Foxfire                  Conj/Fire      0%         2x1d4     63%         1
 Shock                    Conj/Air       0%         1d3       63%         1
 Conjure Flame            Conj/Fire      0%         6-21      94%         3
 Inner Flame              Hex/Fire       0%         N/A       94%         3
 Ozocubu's Armour         Ice            0%         N/A       94%         3
 Stone Arrow              Conj/Erth      0%         3d7       94%         3
 Swiftness                Air            0%         N/A       94%         3
 Airstrike                Air            0%         N/A       100%        4
 Animate Armour           Summ/Erth      0%         N/A       100%        4
 Cause Fear               Hex            0%         N/A       100%        4
 Flame Wave               Conj/Fire      0%         2d4       100%        4
 Ozocubu's Refrigeration  Ice            0%         4d5       100%        7
 Discord                  Hex            0%         N/A       100%        8
 Lehudib's Crystal Spear  Conj/Erth      0%         10d2      100%        8


Dungeon Overview and Level Annotations

Branches:
Dungeon (10/15)            Temple (1/1) D:5            Lair (0/6) D:10
Ossuary (visited)
    Orc: D:9-12

Altars:
Ashenzari
Cheibriados
Dithmenos
Elyvilon
Fedhas
Gozag
Hepliaklqana
Kikubaaqudgha
Makhleb
Nemelex Xobeh
Okawaru
Qazlal
Ru
Sif Muna
Trog
Uskayaw
Vehumet
Wu Jian
Xom
Yredelemnul
Zin
The Shining One

Shops:
D:9 :

Annotations:
D:9 1 runed translucent door


Innate Abilities, Weirdness & Mutations

Your flesh is cold resistant. (rC+)
You are robust. (+10% HP)


Message History

The centaur warrior zombie kicks you.
* * * LOW HITPOINT WARNING * * *
You block the yak's attack.
The death yak gores you but does no damage.
You hit the yak. Lightning courses through the yak!!
The yak is severely wounded.
You hit the death yak. You slash the centaur warrior zombie! You slash the yak!
Lightning courses through the yak!!
You block the centaur warrior zombie's attack. x2
The yak closely misses you.
You barely miss the death yak.
The death yak is severely wounded.
You barely miss the yak.
You barely miss the centaur warrior zombie.
You hit the yak.
You block the centaur warrior zombie's attack.
The centaur warrior zombie kicks you but does no damage.
You slash the death yak!
The death yak is severely wounded.
You slash the yak!
You kill the yak!
Qazlal accepts your kill.
You slash the centaur warrior zombie!
Lightning courses through the centaur warrior zombie!
You barely miss the yak. The yak gores you.
* * * LOW HITPOINT WARNING * * *
You block the centaur warrior zombie's attack. x2
You hit the centaur warrior zombie.
The centaur warrior zombie is severely damaged.
You hit the yak but do no damage. You slice the death yak!!
You closely miss the yak. You block the yak's attack. The death yak gores you!!
* * * LOW HITPOINT WARNING * * *
The centaur warrior zombie hits you but does no damage.
You block the centaur warrior zombie's attack.
The centaur warrior zombie hits you but does no damage.
You block the centaur warrior zombie's attack.
The centaur warrior zombie hits you but does no damage.
You block the centaur warrior zombie's attack.
The yak gores you!
You die...

#.##########.# #.#<#......#.#
#.#.#.####.#'### #.#.#.#
#.....# #.#.#.# #.....#
#.#.#.# #.....#
#.#.#.####.....#############
#.#.#........................
#.#.#.>.........@☼..........#
#.#.#..###.....#YZ..........##
#.#............#YY............
#.###..........#.Y.Y..........
#^..'..........#.YY........../
#####........###.....Y........
#........# #..............
#........# #.......##....
#........# #.......# ...


You could see 2 death yaks, 6 yaks and a centaur warrior zombie.

Vanquished Creatures
  Erolcha (D:9)
  2 centaur warriors (D:8)
  Erica (D:9)
  A death yak (D:10)
  A tengu warrior (D:8)
  2 two-headed ogres
  A deep elf pyromancer (D:8)
  Prince Ribbit (D:5)
  A hornet (D:9)
  A slime creature (D:7)
  Grinder (D:4)
  A wyvern (D:8)
  11 yaks (D:10)
  A wraith (D:9)
  A shadow (D:7)
  A vampire (D:10)
  3 water moccasins
  3 orc warriors
  A sky beast (D:7)
  2 black bears
  5 centaurs
  2 phantoms (D:4)
  A wyvern zombie (D:8)
  2 bullfrogs
  A water moccasin zombie (D:6)
  A water moccasin skeleton (D:5)
  4 killer bees (D:8)
  An electric eel (D:9)
  10 wights (D:8)
  3 howler monkeys
  3 centaur zombies
  3 jellies
  An orc priest (D:7)
  4 hounds
  3 bullfrog skeletons
  A gnoll shaman (D:7)
  An iguana (D:6)
  5 orc wizards
  2 killer bee zombies
  A howler monkey zombie (D:6)
  8 mummies (Ossuary)
  3 gnolls (D:7)
  6 adders
  3 white imps
  An ufetubus (D:5)
  3 worms
  A dart slug (D:4)
  26 orcs
  A bat (D:3)
  10 endoplasms
  3 giant cockroaches
  12 goblins
  6 hobgoblins
  4 jackals (D:3)
  8 kobolds
  3 quokkas
  13 ball pythons
  2 frilled lizards
  A hobgoblin zombie (Ossuary)
  3 kobold zombies (Ossuary)
  4 orc zombies (Ossuary)
  6 rats
218 creatures vanquished.

Vanquished Creatures (others)
  7 plants (D:1)
  5 withered plants (D:1)
12 creatures vanquished.

Grand Total: 230 creatures vanquished

Notes
Turn   | Place    | Note
-------+----------+-------------------------------------------
     0 | D:1      | kae the Hill Orc Fighter began the quest for the Orb.
     0 | D:1      | Reached XP level 1. HP: 19/19 MP: 1/1
   137 | D:1      | Reached skill level 3 in Axes
   159 | D:1      | Reached XP level 2. HP: 26/26 MP: 2/2
   444 | D:1      | Reached XP level 3. HP: 29/31 MP: 3/3
   657 | D:1      | Found a faded altar of an unknown god.
   870 | D:2      | Reached skill level 4 in Axes
   918 | D:2      | Found an opulent altar of Gozag.
  1050 | D:2      | HP: 1/31 [poisoned by an adder]
  1576 | D:2      | Reached XP level 4. HP: 28/39 MP: 4/4
  1861 | D:3      | Reached skill level 5 in Axes
  1997 | D:3      | Found a radiant altar of Vehumet.
  1997 | D:3      | Found a snail-covered altar of Cheibriados.
  2878 | D:4      | Reached skill level 6 in Axes
  2878 | D:4      | Reached XP level 5. HP: 33/45 MP: 5/5
  3023 | D:4      | Noticed a phantom
  3042 | D:4      | Killed a phantom
  3043 | D:4      | Reached skill level 7 in Axes
  3581 | D:4      | Noticed Grinder
  3595 | D:4      | Gained mutation: Your flesh is cold resistant. (rC+)
                  | [potion of mutation]
  3595 | D:4      | Gained mutation: You are robust. (+10% HP) [potion of
                  | mutation]
  3604 | D:4      | Paralysed by Grinder for 2 turns
  3610 | D:4      | Killed Grinder
  3611 | D:4      | Reached skill level 9 in Axes
  3611 | D:4      | Reached XP level 6. HP: 11/56 MP: 6/6
  3882 | D:4      | Reached XP level 7. HP: 32/62 MP: 7/7
  4417 | D:5      | Entered Level 5 of the Dungeon
  4581 | D:5      | Reached skill level 10 in Axes
  4656 | D:5      | Found a staircase to the Ecumenical Temple.
  4680 | Temple   | Entered the Ecumenical Temple
  5007 | Temple   | Became a worshipper of Qazlal Stormbringer
  5847 | D:5      | Noticed Prince Ribbit
  5856 | D:5      | Killed Prince Ribbit
  5857 | D:5      | Reached skill level 11 in Axes
  5857 | D:5      | Reached XP level 8. HP: 70/70 MP: 8/8
  6103 | D:5      | Reached skill level 12 in Axes
  6906 | D:6      | Found a large runed translucent door.
  6907 | D:6      | Found a large runed translucent door.
  7237 | D:6      | Reached skill level 13 in Axes
  8303 | D:6      | Found a basalt altar of Yredelemnul.
  8317 | D:6      | Found a burning altar of Makhleb.
  8385 | D:7      | Reached skill level 14 in Axes
  8385 | D:7      | Reached XP level 9. HP: 42/77 MP: 9/9
  8834 | D:7      | Reached skill level 15 in Axes
  9412 | D:7      | Noticed a two-headed ogre
  9427 | D:7      | Killed a two-headed ogre
  9428 | D:7      | Reached skill level 16 in Axes
  9428 | D:7      | Reached skill level 5 in Invocations
 10177 | D:7      | Reached XP level 10. HP: 80/84 MP: 15/15
 10644 | D:8      | Noticed a centaur warrior
 10649 | D:8      | Noticed a two-headed ogre
 10660 | D:8      | Killed a two-headed ogre
 10660 | D:8      | Noticed a deep elf pyromancer
 10663 | D:8      | Killed a centaur warrior
 10664 | D:8      | Reached skill level 5 in Fighting
 10693 | D:8      | Noticed a tengu warrior
 10748 | D:8      | Reached skill level 5 in Armour
 10862 | D:8      | Identified the +6 hunting sling "Aroog" {freeze, Will+
                  | Dex+3}
 10876 | D:8      | Reached * piety under Qazlal
 10896 | D:8      | Found a sand-covered staircase.
 10901 | Ossuary  | Entered an ossuary
 11402 | D:8      | Noticed a centaur warrior
 11413 | D:8      | Killed a centaur warrior
 11673 | D:8      | Killed a tengu warrior
 11763 | D:8      | Killed a deep elf pyromancer
 11764 | D:8      | Reached XP level 11. HP: 79/101 MP: 18/18
 11891 | D:8      | Reached skill level 10 in Invocations
 12374 | D:9      | Noticed Erolcha
 12385 | D:9      | Killed Erolcha
 12782 | D:9      | Noticed a sixfirhy
 12786 | D:9      | Found a runed translucent door.
 13092 | D:9      | Noticed Erica
 13103 | D:9      | Killed Erica
 13107 | D:9      | Reached ** piety under Qazlal
 13180 | D:9      | Found Xovo's Book Boutique.
 13526 | D:10     | Entered Level 10 of the Dungeon
 13880 | D:10     | Noticed a death yak
 13883 | D:10     | Noticed a death yak
 13887 | D:10     | Found a staircase to the Lair.
 13887 | D:10     | Noticed a death yak
 13900 | D:10     | Killed a death yak
 13909 | D:10     | Reached skill level 10 in Fighting
 13914 | D:10     | HP: 4/108 [death yak (23)]
 13922 | D:10     | Slain by a yak

Illustrated notes

Levels and vault maps discovered:
D:1:      minmay_arrival_arboretum_small, layout_rooms,
          shapermc_ecumenical_altar_flowoftime
D:2:      layout_loops_ring, basic_altar
D:3:      layout_rooms, gammafunk_temple_overflow_pools
D:4:      layout_basic, uniq_grinder
D:5:      layout_cave_pods, minmay_temple_entry_hall, uniq_prince_ribbit1
D:6:      layout_loops_ring, jmf_multi_god_temple2, minmay_puff
D:7:      layout_basic, minmay_misc_feat_doors, wad_mini_maze
D:8:      minmay_curly_fans, layout_gridville, enter_ossuary_2
D:9:      cheibrodos_shockbox, layout_loops_cross, serial_shops, shop,
          kennysheep_cluttered_room, uniq_erica, uniq_erolcha
D:10:     layout_basic, dpeg_lair_monsters, minmay_orc_entry_temple_small
Temple:   dpeg_five_rooms_temple

Skill      XL: |  1  2  3  4  5  6  7  8  9 10 11 |
---------------+----------------------------------+-----
Axes           | 3 4 6 9 11 14 16 | 16.0
Shields        | 4 |  4.0
Invocations    | 7 9 10 | 10.0
Fighting       | 7 10 | 10.0
Armour         | 6 9 |  9.5

Action                   |  1- 3 |  4- 6 |  7- 9 | 10-12 || total
-------------------------+-------+-------+-------+-------++-------
Melee: War axe           |   111 |   144 |   238 |   231 ||   724
Evoke: Wand              |       |       |     7 |    15 ||    22
  Use: Scroll            |     3 |     4 |     9 |     4 ||    20
       Potion            |       |     9 |     1 |     2 ||    12
 Stab: Paralysed         |       |       |     5 |       ||     5
Armor: Scale mail        |    34 |    49 |    85 |    46 ||   214
Dodge: Dodged            |    45 |    58 |   119 |    62 ||   284
Block: Buckler           |    22 |    24 |    54 |    83 ||   183

Table legend: (Time is in decaauts)
 A = Elapsed time spent in this place.
 B = Non-inter-level travel time spent in this place.
 C = Inter-level travel time spent in this place.
 D = Time resting spent in this place.
 E = Time spent auto-exploring this place.
 F = Levels seen in this place.
 G = Mean time per level.
                   A        B        C        D        E       F      G
               +--------+--------+--------+--------+--------+-----+--------+
         Total |  13887 |  13400 |    487 |   1913 |   9708 |  12 | 1157.2 |
       Dungeon |  12501 |  12120 |    381 |   1697 |   8774 |  10 | 1250.1 |
        Temple |    942 |    836 |    106 |     42 |    770 |   1 |  942.0 |
       Ossuary |    444 |    444 |      0 |    174 |    164 |   1 |  444.0 |
               +--------+--------+--------+--------+--------+-----+--------+

Top non-repeatable levels by time:
     D:7: 2036 daAuts
     D:4: 1657 daAuts
     D:6: 1548 daAuts
     D:5: 1450 daAuts
     D:8: 1438 daAuts
     D:2: 1170 daAuts
     D:9: 1165 daAuts
  Temple: 942 daAuts
     D:1: 849 daAuts
     D:3: 803 daAuts
 Ossuary: 444 daAuts
    D:10: 380 daAuts
